 Dungeon Crawl Stone Soup version 0.31-a0-963-ga325b2283a (webtiles) character file.

Game seed: 14560930183842949797

7821 BlueFish the Covert (level 11, 0/73 HPs)
             Began as an Octopode Shapeshifter on Oct 25, 2023.
             Was a Follower of Jiyva.
             Slain by Snorg (14 damage)
             ... on level 10 of the Dungeon on Oct 26, 2023.
             The game lasted 00:26:39 (9920 turns).

BlueFish the Covert (Octopode Shapeshifter)         Turns: 9920, Time: 00:26:39

Health: 0/73       AC:  1    Str: 30    XL:     11   Next: 21%
Magic:  11/11      EV: 14    Int: 12    God:    Jiyva [*.....]
Gold:   1166       SH:  7    Dex: 11    Spells: 10/10 levels left

rFire   . .          .
                       - Unarmed
rCold   + + +        J - +2 buckler "Werhihy" {rC+ Will+ Int-4 Slay+2 SInv}
rNeg    + . .        (helmet currently unavailable)
rPois   +            (no amulet)
rElec   .            p - +6 ring of strength
rCorr   .            h - ring of Ockos {rC+ Will+ Int+3}
SInv    +            k - +6 ring of strength
Will    +++..        u - ring of protection from cold
Stlth   ++++++       w - ring of willpower
HPRegen 1.12/turn    E - ring of positive energy
MPRegen 0.37/turn    x - ring "Trusted Companion" {rPois Slay+4}
                     (no ring)

%: no passive effects
@: beast-form, studying Unarmed Combat
A: beast (slay +3), almost no armour, amphibious, 8 rings, camouflage 1,
gelatinous body 1, (nimble swimmer 1), tentacles
a: Begin Untransformation, Renounce Religion


You were on level 10 of the Dungeon.
You worshipped Jiyva.
Jiyva was aware of your devotion.
You were a hulking beast.
You visited 2 branches of the dungeon, and saw 11 of its levels.
You also visited: Bailey.

You collected 1166 gold pieces.

Inventory:

Missiles
 e - 51 stones (quivered)
 i - 28 poisoned darts
 y - 11 boomerangs
 D - 2 datura-tipped darts
Armour
 I - a +2 hat
 J - the +2 buckler "Werhihy" (worn) {rC+ Will+ Int-4 Slay+2 SInv}
   (You acquired it on level 9 of the Dungeon)

   Int-4:     It affects your intelligence (-4).
   Slay+2:    It affects your accuracy & damage with ranged weapons and melee
   (+2).
   rC+:       It protects you from cold.
   Will+:     It increases your willpower.
   SInv:      It lets you see invisible.
Jewellery
 h - the ring of Ockos (right tentacle) {rC+ Will+ Int+3}
   (You acquired it on level 3 of the Dungeon)

   [ring of willpower]

   Int+3:     It affects your intelligence (+3).
   rC+:       It protects you from cold.
   Will+:     It increases your willpower.
 k - a +6 ring of strength (on tentacle)
 p - a +6 ring of strength (left tentacle)
 u - a ring of protection from cold (on tentacle)
 w - a ring of willpower (on tentacle)
 x - the ring "Trusted Companion" (on tentacle) {rPois Slay+4}
   (You acquired it on level 9 of the Dungeon)

   [ring of slaying]

   Slay+4:    It affects your accuracy & damage with ranged weapons and melee
   (+4).
   rPois:     It protects you from poison
 E - a ring of positive energy (on tentacle)
Talismans
 b - a beast talisman
 c - a flux talisman
Wands
 q - a wand of flame (91)
Scrolls
 g - 2 scrolls of fear {unknown}
 l - a scroll of enchant armour
 m - a scroll of blinking
 o - 2 scrolls of fog {unknown}
 r - a scroll of summoning {unknown}
 s - a scroll of vulnerability {unknown}
 t - 2 scrolls of teleportation
 v - 3 scrolls of noise
 A - a scroll of amnesia {unknown}
 G - a scroll of brand weapon {unknown}
 K - a scroll of revelation
Potions
 a - 2 potions of lignification
 d - 2 potions of attraction
 f - 2 potions of enlightenment
 j - 2 potions of magic
 n - 7 potions of curing
 z - a potion of mutation
 B - a potion of berserk rage
 C - a potion of ambrosia {unknown}
 F - a potion of might {unknown}
 H - a potion of brilliance {unknown}


   Skills:
 + Level 6.3 Fighting
 + Level 6.4 Dodging
 * Level 11.8 Stealth
 * Level 6.1 Shields
 * Level 11.7 Unarmed Combat
 + Level 6.3 Shapeshifting


You had 10 spell levels left.
You didn't know any spells.
Your spell library contained the following spells:

 Spells                   Type           Power      Damage    Failure   Level
 Summon Small Mammal      Summ           0%         N/A       36%         1
 Call Canine Familiar     Summ           0%         N/A       75%         3
 Sigil of Binding         Hex            0%         N/A       75%         3
 Summon Guardian Golem    Hex/Summ       0%         N/A       75%         3
 Cause Fear               Hex            0%         N/A       98%         4
 Dimensional Bullseye     Hex/Tloc       0%         N/A       98%         4
 Leda's Liquefaction      Hex/Erth       0%         N/A       98%         4
 Fireball                 Conj/Fire      0%         3d3       100%        5
 Dragon's Call            Summ           0%         N/A       100%        9


Dungeon Overview and Level Annotations

Branches:
Dungeon (10/15)            Temple (1/1) D:5            Lair (0/5) D:10
    Orc (0/2) D:10         Bailey (visited)

Altars:
Ashenzari
Cheibriados
Dithmenos
Fedhas
Gozag
Hepliaklqana
Kikubaaqudgha
Makhleb
Nemelex Xobeh
Okawaru
Qazlal
Ru
Sif Muna
Trog
Vehumet
Wu Jian
Xom
Yredelemnul
Zin
The Shining One
Jiyva

Shops:
D:9 (

Annotations:
D:4 3 runed translucent doors, IdlyInterested's ghost, amateur DsFi; strifetoe's ghost, amateur AtWr
D:10 Snorg


Innate Abilities, Weirdness & Mutations

You are a hulking beast.
Your limbs bulge with bestial killing power. (Slay +3)
You cannot wear most types of armour.
You are amphibious.
You can wear up to eight rings at the same time.
Your skin changes colour to match your surroundings (Stealth+).
Your rubbery body absorbs attacks. (AC +1, EV +1)
((You are camouflaged when in or above water. (Stealth+)))
You have tentacles for arms and can constrict up to eight enemies at once.


Message History

You hear a slurping noise.
g - 2 scrolls labelled DIMOYRAYXT (gained 1)
You hear a slurping noise.
m - 2 scrolls of blinking (gained 1) Jiyva gurgles merrily.
You swap places.
You enter the deep water.
You enter the deep water.
You enter the shallow water.
You hear a distant slurping noise.
You swap places.
You enter the shallow water.
You swap places.
You swap places.
You swap places.
You enter the shallow water.
Done exploring.
There is a gate leading back out of this place here.
Welcome back to the Dungeon!
Level annotation: Snorg Snorg barely misses you.
Snorg claws you! Snorg misses you.
There is an empty arch of ancient stone here.
You batter Snorg!!
Snorg is moderately wounded.
Snorg bites you! Snorg claws you! Snorg closely misses you.
You batter Snorg!! You tentacle-slap Snorg! You squeeze Snorg.
Snorg is heavily wounded.
You block Snorg's attack. Snorg claws you! x2
* * * LOW HITPOINT WARNING * * *
Blink to where?
Press: ? - help, Dir - move target
Found a stone staircase leading down.
As you read the scroll of blinking, it crumbles to dust.
You climb upwards.
There is a stone staircase leading down here.
You climb downwards.
Level annotation: Snorg Snorg bites you!
* * * LOW HITPOINT WARNING * * *
Snorg claws you!
You die...

~,***~~~~~**,*,,*,.$..###.#..####
~,,*~~~~~***,#.,,<#...###)#..####
~,,,~~~~** *,...,,#...#..)#..####
~~,,,~~** *,#..###...#.###..####
*~~,,,** *,*........#.# *,,,,,,
**~~,,,*****,*,##.......# *,*****
**~~,,,,.,*,#,#..≈≈~≈≈.# *,*
**~~~~~....#.#..≈...≈.###,*
*****~≈.....Th.~.∩.~...#,*****
*****~≈........≈.>.≈...#,,,,,,
**~~~~~.........≈≈~≈≈.#.#*****,
**~~,,,,..#.#..............,*,,,
**~~,,,**#*#,....#.####.##.#.,,**
*~~,,,** *.....#g.,,,..,,#,****
~~,,,~~** #.#..>..g.,,.#.,,,,,,,
~,,,~~~~** #.###.####.,,,..,,****
~,,*~~~~~***,* *,,,,<,******,** *


You could see Snorg and 2 goblins.

Vanquished Creatures
  3 two-headed ogres
  Pikel (D:8)
  A hornet (D:9)
  A troll (D:9)
  5 spriggans (Bailey)
  A vampire (D:9)
  A wyvern (D:9)
  3 yaks (D:9)
  3 steam dragons
  Grum (D:8)
  Menkaure (D:4)
  An acid dragon (D:9)
  2 water moccasins
  An ice beast (D:7)
  2 orc warriors
  2 sky beasts
  A black bear (D:5)
  4 ogres
  2 wolves (D:8)
  4 lemures (D:8)
  A centaur (D:6)
  2 kobold brigands
  3 scorpions
  11 killer bees
  5 jellies
  3 howler monkeys
  2 hounds
  3 orc priests
  2 sleepcaps (D:6)
  Jessica (D:2)
  Natasha (thrice) (D:3)
  5 iguanas
  3 orc wizards
  Robin (D:2)
  A gnoll (D:2)
  10 adders
  A white imp (D:6)
  2 worms
  2 dart slugs
  21 orcs
  6 endoplasms
  3 giant cockroaches
  17 goblins
  13 hobgoblins
  6 jackals
  5 quokkas
  9 ball pythons
  6 bats
  2 frilled lizards
  15 kobolds
  3 rats (D:1)
207 creatures vanquished.

Vanquished Creatures (others)
  A spriggan (Bailey)
  A bullfrog (D:9)
  A kobold brigand (D:9)
  14 jellies
  5 kobolds (D:9)
22 creatures vanquished.

Grand Total: 229 creatures vanquished

Notes
Turn   | Place    | Note
-------+----------+-------------------------------------------
     0 | D:1      | BlueFish the Octopode Shapeshifter began the quest for the
                  | Orb.
     0 | D:1      | Reached XP level 1. HP: 13/13 MP: 1/1
   149 | D:1      | Reached skill level 1 in Stealth
   165 | D:1      | Reached XP level 2. HP: 18/18 MP: 2/2
   504 | D:1      | Reached XP level 3. HP: 21/23 MP: 3/3
   747 | D:2      | Identified 2 scrolls of acquirement
   747 | D:2      | Acquired 682 gold pieces
   772 | D:2      | Found a faded altar of an unknown god.
   843 | D:2      | Reached XP level 4. HP: 24/29 MP: 4/4
   964 | D:2      | Noticed Jessica
   971 | D:2      | Killed Jessica
  1052 | D:2      | Noticed Robin
  1307 | D:2      | Killed Robin
  1308 | D:2      | Reached XP level 5. HP: 23/34 MP: 5/5
  1947 | D:3      | Noticed Natasha
  1956 | D:3      | Killed Natasha
  2132 | D:3      | Noticed Natasha
  2141 | D:3      | Killed Natasha
  2142 | D:3      | Reached XP level 6. HP: 19/41 MP: 6/6
  2322 | D:3      | Found an ornate altar of the Wu Jian Council.
  2323 | D:3      | Found a basalt altar of Yredelemnul.
  2324 | D:3      | Found a snail-covered altar of Cheibriados.
  2555 | D:3      | Noticed Natasha
  2563 | D:3      | Killed Natasha
  2592 | D:3      | Reached skill level 5 in Stealth
  2685 | D:3      | Acquired a manual of Unarmed Combat
  2689 | D:3      | Acquired the ring of Ockos {rC+ Will+ Int+3}
  2931 | D:4      | Noticed Menkaure
  3514 | D:4      | Reached XP level 7. HP: 19/46 MP: 7/7
  3712 | D:4      | Killed Menkaure
  3713 | D:4      | Reached skill level 5 in Unarmed Combat
  3792 | D:4      | Found a runed translucent gate.
  3792 | D:4      | Found a runed translucent gate.
  3792 | D:4      | Found a runed translucent gate.
  3797 | D:4      | Noticed IdlyInterested's ghost (amateur DsFi)
  3797 | D:4      | Noticed strifetoe's ghost (amateur AtWr)
  3877 | D:5      | Entered Level 5 of the Dungeon
  3916 | D:5      | Found a sparkling altar of Nemelex Xobeh.
  4139 | D:5      | Found a staircase to the Ecumenical Temple.
  4156 | Temple   | Entered the Ecumenical Temple
  4921 | D:6      | Reached XP level 8. HP: 54/54 MP: 8/8
  6111 | D:7      | Found a broken altar of Ashenzari.
  6128 | D:7      | Reached XP level 9. HP: 59/59 MP: 9/9
  6210 | D:7      | Reached skill level 1 in Shields
  6216 | D:7      | Reached skill level 5 in Shapeshifting
  6317 | D:7      | Found a glowing silver altar of Zin.
  6595 | D:7      | Found a shadowy altar of Dithmenos.
  6661 | D:8      | Noticed Grum
  6729 | D:8      | Noticed Pikel
  6805 | D:8      | Noticed a two-headed ogre
  7074 | D:8      | Killed Grum
  7232 | D:8      | Reached skill level 5 in Dodging
  7671 | D:8      | Killed Pikel
  7672 | D:8      | Reached skill level 5 in Fighting
  7731 | D:8      | Killed a two-headed ogre
  7732 | D:8      | Reached skill level 10 in Stealth
  7732 | D:8      | Reached XP level 10. HP: 38/66 MP: 10/10
  8058 | D:9      | Noticed a two-headed ogre
  8142 | D:9      | Killed a two-headed ogre
  8143 | D:9      | Reached skill level 10 in Unarmed Combat
  8157 | D:9      | Found a viscous altar of Jiyva.
  8221 | D:9      | Became a worshipper of Jiyva Jewiduen the Shapeless
  8275 | D:9      | Found Zoppynn's Antique Weapon Shoppe.
  8370 | D:9      | Acquired the +2 buckler "Werhihy" {rC+ Will+ Int-4 Slay+2
                  | SInv}
  8382 | D:9      | Acquired the ring "Trusted Companion" {rPois Slay+4}
  8791 | D:9      | Reached skill level 5 in Shields
  9351 | D:9      | Found a blossoming altar of Fedhas.
  9521 | D:10     | Entered Level 10 of the Dungeon
  9552 | D:10     | Noticed a cyclops
  9555 | D:10     | Noticed a two-headed ogre
  9576 | D:10     | Found a flagged portal.
  9576 | D:10     | Noticed Snorg
  9631 | Bailey   | Entered a bailey
  9735 | Bailey   | Reached XP level 11. HP: 60/72 MP: 11/11
  9735 | Bailey   | Reached * piety under Jiyva
  9804 | Bailey   | Noticed a two-headed ogre
  9810 | Bailey   | Killed a two-headed ogre
  9920 | D:10     | Slain by Snorg

Illustrated notes

Levels and vault maps discovered:
D:1:      dpeg_arrival_shrine, layout_basic, grunt_decor_arrowhead
D:2:      layout_rooms, basic_ecumenical_altar, minmay_quadrilaterals,
          uniq_jessica, uniq_robin
D:3:      layout_loops_cross, grunt_temple_overflow_open, grunt_ministairs_1,
          serial_bayou_crossing, uniq_natasha
D:4:      layout_loops_ring, gammafunk_ghost_cemetery, serial_bayou_lake_a,
          uniq_menkaure
D:5:      layout_gridville, amcnicky_altar_gilded,
          minmay_temple_entry_glassed_door, minmay_misc_feat_doors
D:6:      layout_gridville
D:7:      layout_basic, mainiacjoe_overflow_six_doors_small,
          mainiacjoe_overflow_large_starburst, minmay_misc_feat_tiny
D:8:      layout_basic, uniq_pikel, uniq_grum
D:9:      layout_roguey, old_standard_altar, serial_shops, shop, serial_curves,
          eino_curves_02, eino_curves_03, hangedman_decor_opposing,
          grunt_ministairs_14, jiyva_altar_1
D:10:     minmay_weird_star, layout_basic, general_overflow_altar,
          elyvilon_altar_1, dpeg_lair_monsters, david_orc_4, enter_bailey_5,
          uniq_snorg
Temple:   nicolae_temple_godzebo

Skill      XL: |  1  2  3  4  5  6  7  8  9 10 11 |
---------------+----------------------------------+-----
Stealth        | 1 2 3 4 5 6 8 10 11 | 11.8
Fighting       | 2 3 4 5 6 |  6.3
Dodging        | 3 4 5 6 |  6.4
Unarmed Combat | 4 6 7 9 11 | 11.7
Shapeshifting  | 4 5 6 |  6.3
Shields        | 3 5 6 |  6.1

Action                     |  1- 3 |  4- 6 |  7- 9 | 10-12 || total
---------------------------+-------+-------+-------+-------++-------
  Melee: Unarmed           |    61 |   152 |   132 |   117 ||   462
         Constrict         |    14 |    37 |    27 |    21 ||    99
         Tentacles         |     8 |    32 |    32 |    27 ||    99
         Punch             |       |     7 |     5 |    11 ||    23
  Throw: Dart              |       |     1 |     7 |     5 ||    13
         Stone             |       |       |     4 |    12 ||    16
  Evoke: Wand              |       |       |       |     4 ||     4
    Use: Scroll            |     1 |     5 |     8 |     6 ||    20
   Stab: Sleeping          |     7 |    10 |     8 |     3 ||    28
         Distracted        |       |       |       |     2 ||     2
 Armour: Skin              |    22 |    63 |    41 |    59 ||   185
  Dodge: Dodged            |    27 |    73 |    56 |    40 ||   196
  Block: Buckler           |       |       |     7 |    17 ||    24

Table legend: (Time is in decaauts)
 A = Elapsed time spent in this place.
 B = Non-inter-level travel time spent in this place.
 C = Inter-level travel time spent in this place.
 D = Time resting spent in this place.
 E = Time spent auto-exploring this place.
 F = Levels seen in this place.
 G = Mean time per level.
                   A        B        C        D        E       F      G
               +--------+--------+--------+--------+--------+-----+--------+
         Total |   9868 |   9400 |    468 |    445 |   6494 |  12 |  822.3 |
       Dungeon |   9528 |   9087 |    441 |    368 |   6452 |  10 |  952.8 |
        Temple |     61 |     34 |     27 |      0 |      0 |   1 |   61.0 |
        Bailey |    278 |    278 |      0 |     77 |     42 |   1 |  278.0 |
               +--------+--------+--------+--------+--------+-----+--------+

Top non-repeatable levels by time:
     D:9: 1389 daAuts
     D:8: 1379 daAuts
     D:3: 1098 daAuts
     D:6: 1027 daAuts
     D:2: 1013 daAuts
     D:4: 958 daAuts
     D:5: 938 daAuts
     D:7: 820 daAuts
     D:1: 791 daAuts
  Bailey: 278 daAuts
    D:10: 112 daAuts
  Temple: 61 daAuts
